 Dungeon Crawl Stone Soup version 0.24-a0-250-g6074511 (webtiles) character file.

Game seed: 18392588981518276405

57 Borgoz the Cutter (level 4, -3/27 HPs)
             Began as a Kobold Gladiator on Apr 14, 2019.
             Killed from afar by Natasha (4 damage)
             ... with a magic dart
             ... on level 2 of the Dungeon.
             The game lasted 00:02:38 (1231 turns).

Borgoz the Cutter (Kobold Gladiator)                Turns: 1231, Time: 00:02:39

Health: -3/27      AC:  4    Str: 12    XL:     4   Next: 18%
Magic:  4/4        EV: 16    Int:  9    God:
Gold:   88         SH:  0    Dex: 16    Spells: 3/3 levels left

rFire    . . .     SeeInvis .   a - +0 rapier
rCold    . . .     Gourm    .   (shield restricted)
rNeg     . . .     Faith    .   b - +0 leather armour
rPois    .         Spirit   .   c - +0 helmet
rElec    .         Reflect  .   (no cloak)
rCorr    .         Harm     .   (no gloves)
MR       .....                  (no boots)
Stlth    +.........             i - amulet of inaccuracy (curse)
HPRegen  0.09/turn              (no ring)
MPRegen  0.09/turn              (no ring)

@: no status effects
A: small, carnivore
a: no special abilities


You were on level 2 of the Dungeon.
You were very full.

You visited 1 branch of the dungeon, and saw 2 of its levels.

You collected 88 gold pieces.

Inventory:

Hand Weapons
 a - a +0 rapier (weapon)
Missiles
 d - 2 throwing nets (quivered)
Armour
 b - a +0 leather armour (worn)
 c - a +0 helmet (worn)
Jewellery
 i - a cursed amulet of inaccuracy (around neck)
 o - a +3 ring of strength {unknown}
Scrolls
 e - a scroll of magic mapping {unknown}
 g - a scroll of remove curse {unknown}
 j - a scroll of blinking
 k - a scroll of enchant weapon {unknown}
 l - a scroll of identify
 m - 2 scrolls of teleportation {unknown}
Potions
 n - 2 potions of haste {unknown}
Comestibles
 f - 2 rations


   Skills:
 + Level 2.5 Fighting
 + Level 5.3 Short Blades
 + Level 2.3 Throwing
 + Level 0.2 Armour
 + Level 4.2 Dodging
 + Level 0.3 Stealth


You had 3 spell levels left.
You didn't know any spells.
Your spell library was empty.

Dungeon Overview and Level Annotations

Branches:
Dungeon (2/15)

Altars:
The Shining One

Annotations:
D:2 Natasha, Robin


Innate Abilities, Weirdness & Mutations

You are small and have problems with some larger weapons.
You are carnivorous and can eat meat at any time.


Message History

* * * LOW HITPOINT WARNING * * *
You hit the goblin.
You kill the goblin!
The hobgoblin no longer looks unusually strong.
Robin completely misses you. The goblin misses you. The goblin hits you.
* * * LOW HITPOINT WARNING * * *
You hit Natasha.
Natasha is lightly wounded.
The hobgoblin no longer looks unusually strong.
The hobgoblin barely misses you. Natasha barely misses you.
The goblin hits you with a +0 club.
* * * LOW HITPOINT WARNING * * *
The goblin closely misses you.
You miss Natasha.
Natasha is lightly wounded.
The hobgoblin no longer looks unusually strong.
The hobgoblin barely misses you. Natasha casts a spell at you.
The magic dart hits you.
You die...

.......##......#
#.##..#....####.# #
#..#.##.###
#..........# #
#.......##.#
...#.##.##.##......
...........#####.###
....###h#### . ..
#@#


#ggg# .gggg.# ...#...## #.......# ......##.# ... .. .# .....# .# You could see
Robin, Natasha, 3 hobgoblins and 3 goblins.

Vanquished Creatures
  An adder (D:2)
  A worm (D:2)
  2 dart slugs (D:1)
  2 leopard geckos
  A giant cockroach (D:1)
  9 goblins
  6 hobgoblins
  3 jackals (D:1)
  3 kobolds
  4 bats
  2 frilled lizards (D:1)
  A rat (D:1)
35 creatures vanquished.

Notes
Turn   | Place    | Note
-------+----------+-------------------------------------------
     0 | D:1      | Borgoz the Kobold Gladiator began the quest for the Orb.
     0 | D:1      | Reached XP level 1. HP: 12/12 MP: 1/1
    37 | D:1      | Reached XP level 2. HP: 17/18 MP: 2/2
   384 | D:1      | Reached XP level 3. HP: 22/22 MP: 3/3
   695 | D:1      | Found a glowing golden altar of the Shining One.
   804 | D:2      | Reached skill level 5 in Short Blades
  1039 | D:2      | Reached XP level 4. HP: 15/27 MP: 4/4
  1211 | D:2      | Noticed Robin
  1223 | D:2      | Noticed Natasha
  1230 | D:2      | HP: 1/27 [goblin/+0 club[Robin] (5)]
  1231 | D:2      | Killed from afar by Natasha

Levels and vault maps discovered:
D:1:      dpeg_arrival_round_a, layout_loops_ring, tso_altar
D:2:      layout_loops_cross, hangedman_decor_growths, amethyst_killhole,
          minmay_pentomino_u2, uniq_natasha, uniq_robin

Skill      XL: |  1  2  3 |
---------------+----------+-----
Short Blades   | 5 |  5.3
Dodging        | 4 |  4.2
Fighting       | |  2.5
Throwing       | |  2.3
Armour         | |  0.2
Stealth        | |  0.3

Action                   |  1- 3 |  4- 6 || total
-------------------------+-------+-------++-------
Melee: Rapier            |   105 |    23 ||   128
Throw: Throwing net      |     1 |       ||     1
  Use: Scroll            |     2 |       ||     2
       Potion            |       |     1 ||     1
  Eat: Chunk             |     9 |       ||     9
Armor: Leather armour    |    16 |     7 ||    23
Dodge: Dodged            |    85 |    47 ||   132

Table legend:
 A = Non-vault XP
 B = Vault XP
 C = Vault XP percentage of total XP
 D = Non-vault monster count
 E = Vault monster count
 F = Vault count percentage of total count
                 A         B        C        D         E       F
            +---------+---------+-------+---------+---------+-------
      Total |      57 |      25 |  30.5 |      29 |       6 |  17.1
            +---------+---------+-------+---------+---------+-------
        D:1 |      34 |       0 |   0.0 |      17 |       0 |   0.0
        D:2 |      23 |      25 |  52.1 |      12 |       6 |  33.3
            +---------+---------+-------+---------+---------+-------
